 Dungeon Crawl Stone Soup version 0.19-a0-1920-g83281cb (webtiles) character file.

5224 Kaname the Conjurer (level 10, 0/90 HPs)
             Began as a High Elf Wanderer on Oct 23, 2016.
             Was a Priest of Okawaru.
             Killed by divine providence
             ... invoked by an orc priest
              (12 damage)
             ... on level 10 of the Dungeon.
             The game lasted 00:57:40 (13795 turns).

Kaname the Conjurer (High Elf Wanderer)            Turns: 13795, Time: 00:57:41

Health: 0/90       AC: 25    Str: 19    XL:     10   Next: 35%
Magic:  8/20       EV:  2    Int: 18    God:    Okawaru [***...]
Gold:   540        SH:  0    Dex: 17    Spells: 5 memorised, 4 levels left

rFire  . . .     SeeInvis .     t - +5 dagger of Capital Punishment {venom, +Rage Str+6}
rCold  . . .     Gourm    .     (armour currently unavailable)
rNeg   + + +     Faith    .     (no shield)
rPois  +         Spirit   .     (helmet currently unavailable)
rElec  .         Reflect  .     (cloak currently unavailable)
rCorr  .         Harm     .     (gloves currently unavailable)
MR     +....     NoTele   +     (boots currently unavailable)
Stlth  +++.......               (no amulet)
                                (no ring)
                                (no ring)

@: tree-form
A: (beak), (horns 0), (deformed body), high mp 2, strong 1, teleportitis 1
a: Heroism, Renounce Religion, Evoke Berserk Rage


You were on level 10 of the Dungeon.
You worshipped Okawaru.
Okawaru was most pleased with you.
You were not hungry.
You were a tree.
You visited 2 branches of the dungeon, and saw 11 of its levels.

You collected 540 gold pieces.

Inventory:

Hand Weapons
 t - the +5 dagger of Capital Punishment (weapon) {venom, +Rage Str+6}
   (You found it on level 4 of the Dungeon)

   It poisons the flesh of those it strikes.
   It affects your strength (+6).
   It lets you go berserk.
Missiles
 b - 2 javelins (quivered)
Armour
 e - the +6 chain mail of the Will of the Gods {rElec rF+ MR- Int+4}
   (You found it on level 5 of the Dungeon)

   It affects your intelligence (+4).
   It protects you from fire.
   It insulates you from electricity.
   It affects your resistance to hostile enchantments.
 x - the +1 ring mail of Unreason (melded) {MR+ Int+4}
   (You found it on level 7 of the Dungeon)

   It affects your intelligence (+4).
   It affects your resistance to hostile enchantments.
Wands
 o - a wand of paralysis (3/24)
 A - a wand of disintegration (10/24)
Scrolls
 h - 3 scrolls of enchant armour
 i - 2 scrolls of remove curse
 p - 2 scrolls of immolation
 r - 2 scrolls of recharging
 u - a scroll of teleportation {unknown}
 v - a scroll of enchant weapon {unknown}
 y - 2 scrolls of magic mapping {unknown}
 z - a scroll of random uselessness {unknown}
 C - a scroll of torment
Potions
 j - 3 potions of curing
 k - a potion of flight
 q - a potion of lignification
 s - a potion of agility {unknown}
 w - a potion of invisibility {unknown}
Books
 a - a book of Necromancy

   Spells                             Type                      Level
   a - Pain                           Necromancy                   1
   b - Animate Skeleton               Necromancy                   1
   c - Vampiric Draining              Necromancy                   3
   d - Regeneration                   Charms/Necromancy            3
   e - Animate Dead                   Necromancy                   4
   f - Control Undead                 Necromancy                   4
 B - a book of Geomancy

   Spells                             Type                      Level
   a - Sandblast                      Earth                        1
   b - Passwall                       Transmutation/Earth          2
   c - Stone Arrow                    Conjuration/Earth            3
   d - Petrify                        Transmutation/Earth          4
   e - Lee's Rapid Deconstruction     Earth                        5
Comestibles
 c - 4 chunks of flesh
 d - a beef jerky
 f - 7 bread rations
 m - 4 meat rations
 n - 6 fruits


   Skills:
 - Level 2.2 Fighting
 + Level 5.9 Short Blades
 - Level 5.2 Stealth
 - Level 4.0 Spellcasting
 - Level 6.4 Conjurations
 - Level 6.2 Necromancy
 - Level 4.6 Transmutations
 - Level 5.0 Air Magic
 - Level 6.0 Earth Magic
 - Level 2.0 Poison Magic
 - Level 2.1 Invocations
 - Level 1.0 Evocations


You had 4 spell levels left.
You knew the following spells:

 Your Spells              Type           Power        Failure   Level  Hunger
a - Sting                 Conj/Pois      ###.         2%          1    None
b - Vampiric Draining     Necr           ####......   3%          3    ###....
c - Static Discharge      Conj/Air       ###.....     4%          3    ###....
d - Passwall              Tmut/Erth      ###.......   2%          2    ##.....
e - Petrify               Tmut/Erth      ###.....     21%         4    ####...


Dungeon Overview and Level Annotations

Branches:
Dungeon (10/15)            Temple (1/1) D:6             Orc (0/2) D:9
   Lair: D:8-11

Altars:
Ashenzari
Cheibriados
Dithmenos
Elyvilon
Fedhas
Gozag
Hepliaklqana
Kikubaaqudgha
Makhleb
Nemelex Xobeh
Okawaru
Qazlal
Ru
Sif Muna
Trog
Uskayaw
Vehumet
Xom
Yredelemnul
Zin
The Shining One

Shops:
D:5 [   D:9 (

Annotations:
D:9 Psyche


Innate Abilities, Weirdness & Mutations

((You have a beak for a mouth.))
((You have a pair of small horns on your head.))
((Armour fits poorly on your strangely shaped body.))
You have a considerably increased reservoir of magic. (+20% MP)
Your muscles are strong. (Str +2)
You are occasionally teleported next to monsters.


Message History

* * * LOW HITPOINT WARNING * * *
The kobold hits you.
* * * LOW HITPOINT WARNING * * *
The orc priest mumbles some strange prayers to Beogh against you.
Beogh smites you!
* * * LOW HITPOINT WARNING * * *
The kobold hits you but does no damage.
The orc wizard gestures wildly while chanting.
The jackal bites you but does no damage.
A wight comes into view. It is wielding a morningstar.
Unknown command.
Unknown command.
You cannot fly right now.
Unknown command.
You feel better.
The orc wizard mumbles some strange words.
The orc wizard blinks!
The orc priest mumbles some strange prayers to Beogh against you.
Beogh smites you!
You die...

######
##..$..####
..........
.........#
.....|...#
......o.)###...
..§.oKo♣h.o.o#
......KhK#####
.......zz.. y
........z##.. .
#. ##o....#$#
## ..#.##
###### .z
.....# .. ....
.[. ###.. #....


You could see 2 orc warriors, 4 wights, 2 orc priests, an orc wizard, an orc, 2
jackals and 3 kobolds.

Vanquished Creatures
  A two-headed ogre (D:9)
  2 trolls (D:9)
  A hippogriff (D:8)
  Grinder (D:5)
  A hungry ghost (D:8)
  A steam dragon (D:8)
  Edmund (D:5)
  An ice beast (D:5)
  4 orc warriors
  A phantom (D:7)
  2 sky beasts
  2 eyes of draining (D:9)
  3 centaurs (D:5)
  7 ogres
  A crocodile (D:9)
  A big kobold (D:10)
  A gnoll sergeant (D:8)
  3 bullfrogs
  3 scorpions
  2 killer bees
  4 howler monkeys
  A vampire bat (D:6)
  A bullfrog zombie (D:8)
  4 crimson imps
  A bullfrog skeleton (D:6)
  2 jellies
  An orc priest (D:6)
  4 hounds
  A centaur skeleton (D:8)
  3 iguanas
  11 orc wizards
  5 worker ants
  A killer bee zombie (D:6)
  A hound skeleton (D:9)
  5 gnolls (D:8)
  12 adders
  A shadow imp (D:6)
  An ooze (D:2)
  2 adder skeletons
  5 dart slugs
  4 leopard geckos
  29 orcs
  A ball python (D:3)
  8 giant cockroaches
  7 goblins
  11 hobgoblins
  14 jackals
  10 quokkas
  14 bats
  4 frilled lizards
  11 kobolds
  A leopard gecko skeleton (D:5)
  12 rats
231 creatures vanquished.

Notes
Turn   | Place    | Note
-------+----------+-------------------------------------------
     0 | D:1      | Kaname the High Elf Wanderer began the quest for the Orb.
     0 | D:1      | Kaname set off with: a book of Necromancy, the Papyrus of Arcane Weapons, a potion of curing, a +0 robe, a +0 dagger, a bread ration
     0 | D:1      | Reached XP level 1. HP: 11/11 MP: 4/4
     0 | D:1      | Identified the Papyrus of Arcane Weapons
     2 | D:1      | Learned a level 1 spell: Sting
   181 | D:1      | Reached skill level 1 in Conjurations
   303 | D:1      | Reached XP level 2. HP: 16/17 MP: 4/6
  1191 | D:1      | Reached XP level 3. HP: 21/21 MP: 4/7
  1196 | D:1      | Learned a level 3 spell: Vampiric Draining
  2210 | D:2      | Reached XP level 4. HP: 13/27 MP: 0/8
  2220 | D:2      | Learned a level 3 spell: Static Discharge
  3118 | D:3      | Gained mutation: You are agile. (Dex +2) [potion of mutation]
  3118 | D:3      | Gained mutation: You have an increased reservoir of magic. (+10% MP) [potion of mutation]
  3333 | D:3      | Found a shadowy altar of Dithmenos.
  3769 | D:4      | Reached XP level 5. HP: 31/31 MP: 7/10
  3837 | D:4      | Noticed an ogre
  3850 | D:4      | Killed an ogre
  4133 | D:4      | Got a brightly glowing dagger
  4134 | D:4      | Identified the +5 dagger of Capital Punishment {venom, +Rage Str+6} (You found it on level 4 of the Dungeon)
  4253 | D:4      | Reached XP level 6. HP: 32/36 MP: 11/11
  4517 | D:5      | Entered Level 5 of the Dungeon
  4634 | D:5      | Got a spiked chain mail
  4648 | D:5      | Identified the +6 chain mail of the Will of the Gods {rElec rF+ MR- Int+4} (You found it on level 5 of the Dungeon)
  4720 | D:5      | Noticed a sky beast
  4851 | D:5      | Killed a sky beast
  4856 | D:5      | Gained mutation: You have a considerably increased reservoir of magic. (+20% MP) [mutagenic meat]
  4857 | D:5      | Gained mutation: Armour fits poorly on your strangely shaped body. [mutagenic meat]
  4858 | D:5      | Gained mutation: You have a beak for a mouth. [mutagenic meat]
  4859 | D:5      | Gained mutation: You have a pair of small horns on your head. [mutagenic meat]
  4860 | D:5      | Gained mutation: You are occasionally teleported next to monsters. [mutagenic meat]
  4861 | D:5      | Lost mutation: You are agile. (Dex +2) [mutagenic meat]
  4997 | D:5      | Noticed Edmund
  5020 | D:5      | Reached skill level 5 in Stealth
  5020 | D:5      | Reached XP level 7. HP: 38/41 MP: 10/13
  5056 | D:5      | Reached skill level 1 in Short Blades
  5072 | D:5      | Killed Edmund
  5259 | D:5      | Found Ebla's Antique Armour Shop.
  5673 | D:6      | Found a hazy altar of Hepliaklqana.
  5850 | D:5      | Reached skill level 5 in Conjurations
  6203 | D:5      | Noticed Grinder
  6204 | D:5      | Paralysed by Grinder for 5 turns
  6216 | D:5      | Paralysed by Grinder for 7 turns
  6223 | D:5      | Killed Grinder
  6223 | D:5      | Reached skill level 5 in Necromancy
  6223 | D:5      | Reached XP level 8. HP: 16/46 MP: 1/14
  6801 | D:6      | Found a staircase to the Ecumenical Temple.
  6833 | Temple   | Entered the Ecumenical Temple
  6873 | Temple   | Became a worshipper of Warmaster Okawaru
  7138 | D:6      | Learned a level 2 spell: Passwall
  7518 | D:5      | Found a glowing golden altar of the Shining One.
  7822 | D:6      | HP: 2/46 [orc warrior/hand axe (19)]
  8098 | D:7      | Reached skill level 5 in Air Magic
  8619 | D:7      | Got a slimy ring mail
  8630 | D:7      | Identified the +1 ring mail of Unreason {MR+ Int+4} (You found it on level 7 of the Dungeon)
  8642 | D:7      | Reached * piety under Okawaru
  8642 | D:7      | Reached skill level 1 in Transmutations
  8642 | D:7      | Reached XP level 9. HP: 51/51 MP: 19/19
  8994 | D:7      | Reached skill level 1 in Invocations
  9000 | D:7      | Gained mutation: Your muscles are strong. (Str +2) [mutagenic meat]
  9360 | D:8      | Got a brightly glowing ring mail
  9513 | D:8      | Learned a level 4 spell: Petrify
 10075 | D:8      | Reached skill level 1 in Earth Magic
 10283 | D:8      | Reached ** piety under Okawaru
 10642 | D:8      | Identified the +0 ring mail of Fovy {MR+ Int+2} (You found it on level 8 of the Dungeon)
 11229 | D:9      | Noticed a troll
 11233 | D:10     | Entered Level 10 of the Dungeon
 11340 | D:10     | Got a jewelled scale mail
 11351 | D:10     | Identified the +1 scale mail of the Lich-sworn {rC+} (You found it on level 10 of the Dungeon)
 11391 | D:9      | Reached skill level 5 in Earth Magic
 11468 | D:9      | Noticed Psyche
 11470 | D:9      | Killed a troll
 11934 | D:10     | Noticed a hill giant
 12219 | D:9      | Noticed a troll
 12227 | D:9      | Killed a troll
 12227 | D:9      | Reached XP level 10. HP: 30/56 MP: 12/20
 12381 | D:9      | Reached *** piety under Okawaru
 12521 | D:9      | Reached skill level 1 in Fighting
 12586 | D:9      | Found Roarekh's Antique Weapon Boutique.
 13196 | D:9      | Found a staircase to the Orcish Mines.
 13458 | D:9      | Reached skill level 5 in Short Blades
 13794 | D:10     | HP: 4/90 [orc priest/divine providence (12)]
 13795 | D:10     | Killed from afar by an orc priest

Vault maps used:
D:1:      lightli_arrival_boilingwater, minivault_26
D:2:      wad_pebble_path
D:3:      grunt_dithmenos_smoke_and_mirrors
D:4:      first_bread, minmay_curled_crystal
D:5:      lemuel_upstairs_altar, serial_shops, nicolae_shop_overgrown_old_shop,
          minivault_4, uniq_grinder, uniq_edmund
D:6:      basic_altar, nrook_mini_vaults, roderic_batcave
D:9:      orc_0_dummy, serial_shops, shop, uniq_psyche
D:10:     uniq_maurice
Temple:   kilobyte_greek_temple

Skill      XL: |  1  2  3  4  5  6  7  8  9 10 |
---------------+-------------------------------+-----
Conjurations   | 1 2 4 6 |  6.4
Poison Magic   | 2 |  2.0
Necromancy     | 4 5 6 |  6.2
Air Magic      | 2 5 |  5.0
Stealth        | 5 |  5.2
Short Blades   | 3 5 |  5.9
Spellcasting   | 4 |  4.0
Transmutations | 1 4 |  4.6
Invocations    | 2 |  2.1
Earth Magic    | 5 6 |  6.0
Fighting       | 2 |  2.2
Evocations     | |  1.0

Action                   |  1- 3 |  4- 6 |  7- 9 | 10-12 || total
-------------------------+-------+-------+-------+-------++-------
Melee: Dagger            |   121 |    80 |   256 |    57 ||   514
       Headbutt          |       |     2 |    48 |    22 ||    72
       Peck              |       |       |    55 |    13 ||    68
 Cast: Sting             |    53 |    42 |    35 |     5 ||   135
       Vampiric Draining |     2 |     9 |    63 |    22 ||    96
       Static Discharge  |       |       |    15 |     3 ||    18
       Passwall          |       |       |       |     1 ||     1
       Petrify           |       |       |       |     1 ||     1
Evoke: Wand              |       |       |     2 |     1 ||     3
  Use: Potion            |     2 |     1 |     3 |     5 ||    11
       Scroll            |       |    11 |     4 |     1 ||    16
 Stab: Sleeping          |     2 |     4 |    13 |       ||    19
       Petrified         |       |       |       |     2 ||     2
       Paralysed         |       |       |       |     1 ||     1
  Eat: Chunk             |     5 |    15 |    29 |     6 ||    55
       Pizza             |       |     1 |     2 |       ||     3
       Beef jerky        |       |       |     1 |       ||     1
       Fruit             |       |       |       |     1 ||     1
Armor: Robe              |    30 |    17 |     2 |       ||    49
       Ring mail         |       |       |    55 |    10 ||    65
       Skin              |       |       |       |    16 ||    16
Dodge: Dodged            |    69 |    53 |   139 |    31 ||   292
